 Dungeon Crawl Stone Soup version 0.21.0-36-ge3e1d5aaab (webtiles) character file.

2 Gargoyl the Skirmisher (level 1, 0/23 HPs)
             Began as a Gnoll Abyssal Knight on Jan 30, 2018.
             Was a Follower of Lugonu.
             Slain by a tentacled starspawn (12 damage)
             ... on level 1 of the Abyss.
             The game lasted 00:00:54 (133 turns).

Gargoyl the Skirmisher (Gnoll Abyssal Knight)        Turns: 133, Time: 00:00:55

Health: 0/23       AC:  3    Str: 14    XL:     1   Next: 40%
Magic:  3/3        EV: 12    Int: 14    God:    Lugonu [*.....]
Gold:   0          SH:  0    Dex: 14    Spells: 0/0 levels left

rFire    . . .     SeeInvis .   a - +1 hand axe
rCold    . . .     Gourm    .   (no shield)
rNeg     . . .     Faith    .   b - +0 leather armour
rPois    .         Spirit   .   (no helmet)
rElec    .         Reflect  .   (no cloak)
rCorr    .         Harm     .   (no gloves)
MR       .....                  (no boots)
Stlth    +.........             (no amulet)
HPRegen  0.07/turn              (no ring)
MPRegen  0.08/turn              (no ring)

@: drained
A: distributed training, fangs 1, strong nose
a: Depart the Abyss, Renounce Religion


You were on level 1 of the Abyss.
You worshipped Lugonu.
Lugonu was aware of your devotion.
You were not hungry.

You visited 0 branches of the dungeon, and saw 0 of its levels.
You visited the Abyss 1 time.

Inventory:

Hand Weapons
 a - a +1 hand axe (weapon)
Armour
 b - a +0 leather armour (worn)
Potions
 d - a potion of flight
Comestibles
 c - a ration


   Skills:
 + Level 6.4(6.2) Fighting
 + Level 0.0 Short Blades
 + Level 0.0 Long Blades
 + Level 4.4(4.2) Axes
 + Level 0.0 Maces & Flails
 + Level 0.0 Polearms
 + Level 0.0 Staves
 + Level 0.0 Slings
 + Level 0.0 Bows
 + Level 0.0 Crossbows
 + Level 0.0 Throwing
 + Level 4.4(4.2) Armour
 + Level 2.3(2.2) Dodging
 + Level 0.0 Stealth
 + Level 0.0 Shields
 + Level 0.0 Unarmed Combat
 + Level 0.0 Spellcasting
 + Level 0.0 Conjurations
 + Level 0.0 Hexes
 + Level 0.0 Charms
 + Level 0.0 Summonings
 + Level 0.0 Necromancy
 + Level 0.0 Translocations
 + Level 0.0 Transmutations
 + Level 0.0 Fire Magic
 + Level 0.0 Ice Magic
 + Level 0.0 Air Magic
 + Level 0.0 Earth Magic
 + Level 0.0 Poison Magic
 + Level 4.4(4.2) Invocations
 + Level 0.0 Evocations


You couldn't memorise any spells.
You didn't know any spells.

Dungeon Overview and Level Annotations

Branches:
Dungeon (0/15)

Altars:


Innate Abilities, Weirdness & Mutations

Your experience applies equally to all skills.
You have very sharp teeth.
Your uncanny sense of smell can sniff out nearby items.


Message History

You don't have any unidentified items.
You float gracefully downwards.
Tentacles burst from the starspawn's body! 2 starspawn tentacles come into view.
The starspawn tentacle grabs you. The starspawn tentacle constricts you.
You escape the starspawn tentacle's grasp.
The starspawn tentacle grabs you. The starspawn tentacle constricts you.
You escape the starspawn tentacle's grasp.
The starspawn tentacle barely misses you.
A tentacle flies out from the starspawn's body!
A starspawn tentacle comes into view.
The starspawn tentacle grabs you. The starspawn tentacle constricts you.
A starspawn tentacle comes into view.
You escape the starspawn tentacle's grasp.
A glowing orange brain comes into view.
The glowing orange brain turns its attention towards you.
Found a dented amethyst amulet.
The tentacled starspawn bites you. The tentacled starspawn engulfs you!
Ouch! That really hurt!
You die...

#..#..##. ## ##
#.....##.## .# .#
##..#.##..# .. .
#......##.# #. .
#..###. #.## #.#
#....##.w..##.##..
##.##.###│#.##.# . ∆
##...###.w#.... .
#...#@..#. #.##.
.....G#.X#.#......#──
...#..#..." #....# #
.##..#.##..#.####..#.#
#..#.# #..## .#.#
###.# ?### # #.# #.. #
..# # ## ####


You could see a tentacled starspawn.

Vanquished Creatures
  A spectral bat (Abyss:1)
  A bat simulacrum (Abyss:1)
2 creatures vanquished.

Vanquished Creatures (others)
  21 starspawn tentacles (Abyss:1)
21 creatures vanquished.

Grand Total: 23 creatures vanquished

Notes
Turn   | Place    | Note
-------+----------+-------------------------------------------
     0 | Abyss:1  | Gargoyl the Gnoll Abyssal Knight began the quest for the Orb.
     0 | Abyss:1  | Reached XP level 1. HP: 23/23 MP: 3/3
    12 | Abyss:1  | Noticed a tentacled starspawn
    68 | Abyss:1  | Noticed a small abomination
   132 | Abyss:1  | Noticed a glowing orange brain
   133 | Abyss:1  | Slain by a tentacled starspawn

Action                   || total
-------------------------++-------
Melee: Hand axe          ||     5
  Use: Scroll            ||     1
       Potion            ||     1
Armor: Leather armour    ||    31
Dodge: Dodged            ||    65
